[Event "Team 45 45 League T26"]
[Site "Internet Chess Club"]
[Date "2005.04.24"]
[Round "6"]
[White "deathmage"]
[Black "orkid"]
[Result "1-0"]
[WhiteElo "1730"]
[BlackElo "1782"]
[TimeControl "2700+45"]

1. e4 c5 2. Nf3 d6 3. d4 cxd4 4. Nxd4 Nf6 5. Nc3 g6 6. f3 Bg7 7. Be3 O-O 8. Qd2
Nc6 9. O-O-O a6 10. Be2 d5 11. exd5 Nxd5 12. Nxd5 Qxd5 13. Nb3 Qe5 14. c3 Qc7
15. g4 Be6 16. h4 Nb4 17. Kb1 Rfd8 18. Qc1 Rxd1 19. Rxd1 Nd5 20. Bd4 Qh2 21.
Bxg7 Qxe2 22. Nd4 Qe3 23. Be5 Qxc1+ 24. Rxc1 Bd7 25. Rd1 Ne3 26. Rd3 Nc4 27. Bg3
e6 28. b3 Na5 29. c4 Nc6 30. Ne2 Be8 31. f4 Rd8 32. Rxd8 Nxd8 33. Nc3 Bc6 34. g5
Kg7 35. b4 f6 36. b5 axb5 37. cxb5 Bf3 38. a4 fxg5 39. fxg5 Kf7 40. a5 Ke7 41.
Kc2 Kd7 42. Kd3 Nf7 43. Kd4 Nd6 44. Bxd6 Kxd6 45. b6 e5+ 46. Ke3 Bc6 47. Ne4+
Ke6 48. Nf6 Kf5 49. Nxh7 Kg4 50. Nf8 Kxh4 51. Nxg6+ Kg4 52. Nxe5+ {Black
resigns} 1-0